 Dungeon Crawl Stone Soup version 0.28-a0-178-ga708605c5b (webtiles) character file.

Game seed: 11441045413370723197

1808 taichi22 the Grappler (level 8, -13/74 HPs)
             Began as a Troll Monk on Aug 17, 2021.
             Mangled by a two-headed ogre (19 damage)
             ... on level 6 of the Dungeon.
             The game lasted 00:10:18 (4607 turns).

taichi22 the Grappler (Troll Monk)                  Turns: 4607, Time: 00:10:19

Health: -13/74     AC:  8    Str: 26    XL:     8   Next: 84%
Magic:  7/7        EV:  8    Int:  6    God:
Gold:   397        SH:  8    Dex: 14    Spells: 7/7 levels left

rFire   . . .      SeeInvis .     - Unarmed
rCold   . . .      Faith    .   s - +0 kite shield
rNeg    . . .      Spirit   .   z - +0 acid dragon scales
rPois   .          Reflect  .   (helmet restricted)
rElec   .          Harm     .   (no cloak)
rCorr   +          Rampage  .   (gloves unavailable)
Will    +....                   (boots unavailable)
Stlth   ++........              (no amulet)
HPRegen 1.22/turn               b - +6 ring of strength
MPRegen 0.10/turn               w - ring of willpower

@: no status effects
A: large, unfitting armour, claws 3, regeneration 1, shaggy fur 1, tough skin 1
a: no special abilities


You were on level 6 of the Dungeon.
You visited 2 branches of the dungeon, and saw 7 of its levels.

You collected 397 gold pieces.

Inventory:

Hand Weapons
 y - a +2 broad axe of draining
Armour
 a - a +0 robe
 s - a +0 kite shield (worn)
 z - +0 acid dragon scales (worn)
Jewellery
 b - a +6 ring of strength (left claw)
 g - an amulet of magic regeneration
 v - a ring of fire
 w - a ring of willpower (right claw)
Wands
 d - a wand of digging (1)
Scrolls
 e - 3 scrolls of identify
 f - a scroll of vulnerability {unknown}
 h - a scroll of summoning {unknown}
 j - 4 scrolls of teleportation
 k - a scroll of brand weapon {unknown}
 m - a scroll of amnesia {unknown}
 q - a scroll of enchant armour {unknown}
 t - a scroll of fog {unknown}
 A - 2 scrolls of silence {unknown}
Potions
 c - 2 potions of flight {unknown}
 i - a potion of heal wounds
 l - a potion of mutation {unknown}
 n - 2 potions of curing
 o - a potion of brilliance {unknown}
 p - a potion of haste {unknown}
 r - 2 potions of ambrosia {unknown}
 u - a potion of attraction {unknown}
 x - a potion of degeneration {unknown}


   Skills:
 - Level 2.5 Fighting
 + Level 4.2 Dodging
 - Level 2.0 Stealth
 + Level 2.3 Shields
 * Level 10.1 Unarmed Combat


You had 7 spell levels left.
You didn't know any spells.
Your spell library contained the following spells:

 Spells                   Type           Power      Damage    Failure   Level
 Shock                    Conj/Air       0%         1d3       95%         1
 Slow                     Hex            0%         N/A       98%         2
 Confusing Touch          Hex            0%         N/A       100%        3
 Swiftness                Air            0%         N/A       100%        3
 Vampiric Draining        Necr           0%         2d6       100%        3
 Airstrike                Air            0%         N/A       100%        4


Dungeon Overview and Level Annotations

Branches:
Dungeon (6/15)             Temple (1/1) D:5

Altars:
Ashenzari
Cheibriados
Dithmenos
Elyvilon
Fedhas
Gozag
Hepliaklqana
Kikubaaqudgha
Nemelex Xobeh
Ru
Sif Muna
Trog
Uskayaw
Vehumet
Wu Jian
Xom
Yredelemnul
The Shining One


Innate Abilities, Weirdness & Mutations

You are too large for most types of armour.
You have claws for hands.
Your natural rate of healing is unusually fast.
You are covered in fur. (AC +1)
You have tough skin. (AC +1)


Message History

The adder hisses angrily.
An adder is nearby!
You block the adder's attack.
You claw the adder!
You kill the adder! 2 orcs and an orc wizard come into view.
There are monsters nearby!
The orc shouts!
The orc wizard shouts!
You hear two shouts!
You hear an angry hiss.
You claw the orc wizard!
You kill the orc wizard!
An orc wizard comes into view. It is wielding a +0 dagger.
A two-headed ogre comes into view.
It is wielding a +2 dire flail of holy wrath and a +0 giant club.
An adder comes into view.
The orc wizard shouts!
You scratch the orc.
The orc is moderately wounded.
You hear a shout!
You block the orc's attack.
You scratch the orc.
The orc is heavily wounded.
The two-headed ogre barely misses you. You block the two-headed ogre's attack.
You block the orc's attack. The orc hits you with a +0 dagger.
You barely miss the orc.
The orc is heavily wounded.
You block the orc's attack. The two-headed ogre barely misses you.
You block the two-headed ogre's attack.
You barely miss the orc.
The orc is heavily wounded.
The orc hits you with a +0 club.
The two-headed ogre hits you with a +2 dire flail of holy wrath!!
The two-headed ogre hits you with a +0 giant club!!
A sky beast comes into view.
As you read the scroll labelled INGOGI REIDIUR, it crumbles to dust.
It is a scroll of identify.
j - 4 scrolls of teleportation The two-headed ogre hits you with a +2 dire flail of holy wrath!!
* * * LOW HITPOINT WARNING * * *
The two-headed ogre hits you with a +0 giant club!!
You die...

####.#....#
##.##.##
#.#### #.#
#.# #.#
####.#####
#........#
#.##@###.#
#
#O###.#####
#o..)......
#.oo.#Y....
#..##.# .#.
#..## .#
#..# ..
...# ...
#### ####


You could see a two-headed ogre, an orc wizard and 2 orcs.

Vanquished Creatures
  Maggie (D:6)
  A water moccasin (D:6)
  An orc warrior (D:6)
  An ice beast (D:6)
  2 ogres (D:5)
  A necrophage (D:6)
  A phantom (D:4)
  A scorpion (D:5)
  2 wyvern skeletons
  A jelly (D:3)
  A centaur zombie (D:5)
  4 orc priests
  2 bullfrog skeletons
  A centaur skeleton (D:6)
  Terence (D:2)
  An iguana (D:3)
  8 orc wizards
  2 hound skeletons
  A howler monkey skeleton (D:4)
  8 adders
  3 gnolls (D:5)
  2 adder skeletons
  A worm (D:4)
  3 dart slugs
  24 orcs
  6 ball pythons
  5 bats
  7 endoplasms
  3 giant cockroaches
  2 goblins
  7 hobgoblins
  4 jackals
  5 kobolds
  6 quokkas
  A frilled lizard (D:3)
  7 rats
127 creatures vanquished.

Notes
Turn   | Place    | Note
-------+----------+-------------------------------------------
     0 | D:1      | taichi22 the Troll Monk began the quest for the Orb.
     0 | D:1      | Reached XP level 1. HP: 22/22 MP: 0/0
    82 | D:1      | Reached XP level 2. HP: 24/29 MP: 1/1
   556 | D:1      | Found a faded altar of an unknown god.
   759 | D:2      | Reached XP level 3. HP: 26/36 MP: 2/2
   762 | D:2      | Reached skill level 4 in Unarmed Combat
   972 | D:2      | Noticed Terence
   998 | D:2      | Killed Terence
   999 | D:2      | Reached XP level 4. HP: 39/44 MP: 3/3
  1547 | D:3      | Reached skill level 5 in Unarmed Combat
  1595 | D:3      | You fall into a shaft and drop 2 floors!
  1595 | D:5      | Entered Level 5 of the Dungeon
  1659 | D:5      | Reached XP level 5. HP: 50/50 MP: 4/4
  2005 | D:3      | Reached skill level 6 in Unarmed Combat
  2005 | D:3      | Reached XP level 6. HP: 59/59 MP: 5/5
  2471 | D:4      | Identified the +9 spear "Xadigruro" {vorpal, Will+ Str+5}
  2958 | D:4      | Reached skill level 7 in Unarmed Combat
  2958 | D:4      | Reached XP level 7. HP: 42/66 MP: 6/6
  3428 | D:5      | Found a staircase to the Ecumenical Temple.
  3517 | D:5      | Reached skill level 1 in Shields
  3517 | D:5      | Reached skill level 8 in Unarmed Combat
  3803 | Temple   | Entered the Ecumenical Temple
  4221 | D:6      | Reached XP level 8. HP: 43/74 MP: 7/7
  4418 | D:6      | Noticed Maggie
  4423 | D:6      | Reached skill level 9 in Unarmed Combat
  4444 | D:6      | Killed Maggie
  4445 | D:6      | Reached skill level 10 in Unarmed Combat
  4599 | D:6      | Noticed a two-headed ogre
  4607 | D:6      | Mangled by a two-headed ogre

Illustrated notes

Levels and vault maps discovered:
D:1:      elethiomel_arrival_diamonds, layout_basic,
          ebering_ecumenical_altar_sacrificial
D:2:      layout_basic, uniq_terence
D:3:      layout_basic
D:4:      layout_basic, skrybe_limestone_x, minmay_joined_circles
D:5:      layout_loops_corners, minmay_temple_entry_drinking_statues,
          minmay_misc_feat_square, minmay_increasing_density
D:6:      minmay_thinvault, layout_loops_corners, chequers_serial_rivers_room_b,
          mrwooster_statue_mirror, chequers_mini_garden, lemuel_old_faithful,
          uniq_crazy_yiuf_cottage, uniq_maggie
Temple:   dpeg_five_rooms_temple

Skill      XL: |  1  2  3  4  5  6  7  8 |
---------------+-------------------------+-----
Unarmed Combat | 4 5 6 7 8 10 | 10.1
Dodging        | 3 4 |  4.2
Shields        | 1 2 |  2.3
Stealth        | 2 |  2.0
Fighting       | |  2.5

Action                   |  1- 3 |  4- 6 |  7- 9 || total
-------------------------+-------+-------+-------++-------
Melee: Unarmed           |    70 |   137 |   149 ||   356
       Punch             |       |     2 |       ||     2
  Use: Scroll            |     3 |       |     1 ||     4
       Potion            |     2 |       |     2 ||     4
 Stab: Sleeping          |       |     2 |     2 ||     4
Armor: Robe              |    21 |    42 |    34 ||    97
       Acid dragon scale |       |       |     4 ||     4
Dodge: Dodged            |    58 |    81 |    51 ||   190
Block: Kite shield       |       |       |    37 ||    37

Table legend: (Time is in decaauts)
 A = Elapsed time spent in this place.
 B = Non-inter-level travel time spent in this place.
 C = Inter-level travel time spent in this place.
 D = Time resting spent in this place.
 E = Time spent auto-exploring this place.
 F = Levels seen in this place.
 G = Mean time per level.
                   A        B        C        D        E       F      G
               +--------+--------+--------+--------+--------+-----+--------+
         Total |   4598 |   4271 |    327 |      0 |   3258 |   7 |  656.9 |
       Dungeon |   4275 |   4040 |    235 |      0 |   3038 |   6 |  712.5 |
        Temple |    323 |    232 |     91 |      0 |    220 |   1 |  323.0 |
               +--------+--------+--------+--------+--------+-----+--------+

Top non-repeatable levels by time:
     D:4: 993 daAuts
     D:5: 956 daAuts
     D:1: 730 daAuts
     D:2: 671 daAuts
     D:3: 500 daAuts
     D:6: 423 daAuts
  Temple: 323 daAuts
